 Dungeon Crawl Stone Soup version 0.14-a0-3563-g07d0f32 (webtiles) character file.

358689 MrRokkomies the Slayer (level 21, -29/224 HPs)
             Began as a Lava Orc Berserker on Mar 27, 2014.
             Was the Champion of Trog.
             Killed from afar by a deep elf annihilator (35 damage)
             ... with an iron shot
             ... on Level 3 of the Elven Halls on Mar 29, 2014.
             The game lasted 04:38:47 (55062 turns).

MrRokkomies the Slayer (Lava Orc Berserker)        Turns: 55062, Time: 04:38:53

HP -29/224       AC 40     Str 26      XL: 21   Next: 41%
MP  10/10        EV 12     Int  7      God: Trog [******]
Gold 1345        SH  0     Dex 20      Spells:  0 memorised, 20 levels left

rFire  + + +     SeeInvis +     b - +1,+7 executioner's axe (antimagic)
rCold  + . .     Clarity  +     Y - +11 plate armour of the Orb Guardian {+Fly rPois Dex+2}
rNeg   + . .     Conserve +     (no shield)
rPois  +         rCorr    +     V - +2 hat {MR+}
rElec  .         rRot     .     F - +1 cloak {rCorr, Cons}
SustAb . .       Spirit   .     A - +0 pair of gloves {Str+3}
rMut   .         Warding  .     Z - +1 pair of boots {run}
Saprov + . .     Stasis   .     s - amulet of Suspected Treachery {Faith rF+ Dex+3 Dam+4}
MR     ++...                    u - ring of positive energy
                                O - ring of protection from cold

@: quick, very resistant to hostile enchantments, extremely unstealthy
A: hooves 1, horns 1, rugged brown scales 1, see invisible, carnivore 2,
clarity, conserve scrolls, dopey 1, sense surroundings 1, saprovore 1, evolution
2
a: Burn Spellbooks, Berserk, Trog's Hand, Brothers in Arms, Renounce Religion,
Evoke Flight
}: 2/15 runes: barnacled, gossamer


You were on level 3 of the Elven Halls.
You worshipped Trog.
Trog was exalted by your worship.
You were not hungry.

You visited 8 branches of the dungeon, and saw 45 of its levels.
You visited the Abyss 1 time.
You also visited: Ossuary and Volcano.

You collected 5681 gold pieces.
You spent 4336 gold pieces at shops.

Inventory:

Hand weapons
 b - a +1,+7 anti-magic executioner's axe (weapon)
 e - a +2,+3 executioner's axe of freezing
 C - a +3,+2 battleaxe of flaming
 S - the +4,+9 crossbow "Kiquock" {elec, Int+3}
   (You took it off a yaktaur on level 4 of the Vaults)

   It charges the ammunition it shoots with electricity; occasionally upon a
   hit, such missiles may discharge and cause terrible harm.
   It affects your intelligence (+3).
Missiles
 f - 34 bolts of flame
 T - 58 bolts
Armour
 A - a +0 pair of gloves of strength (worn)
 F - a +1 cloak of preservation (worn)
 V - a +2 hat of magic resistance (worn)
 Y - the +11 plate armour of the Orb Guardian (worn) {+Fly rPois Dex+2}
   (You bought it in a shop on level 1 of the Orcish Mines)

   It affects your dexterity (+2).
   It protects you from poison.
   It lets you fly.
 Z - a +1 pair of boots of running (worn)
Magical devices
 h - a wand of teleportation (4)
 k - a wand of fireball (4)
 m - a wand of cold (9)
 x - a wand of frost (10)
 D - a wand of disintegration (4)
 M - a wand of fireball (5)
 N - a wand of fire (3)
 U - a wand of digging (14)
Comestibles
 c - 7 meat rations
 E - a bread ration
Scrolls
 j - 8 scrolls of immolation
 n - 8 scrolls of remove curse
 p - 2 scrolls of summoning
 q - a scroll of enchant weapon III
 r - 9 scrolls of teleportation
 w - 3 scrolls of magic mapping
 y - a scroll of recharging
 B - 3 scrolls of silence
 G - 3 scrolls of blinking
 H - a scroll of enchant weapon I
 I - 4 scrolls of fear
 Q - 7 scrolls of identify
 W - a scroll of enchant weapon II
 X - 5 scrolls of fog
Jewellery
 g - an uncursed ring of teleport control
 o - an uncursed ring of protection from fire
 s - the amulet of Suspected Treachery (around neck) {Faith rF+ Dex+3 Dam+4}
   (You found it on level 1 of the Vaults)

   [amulet of faith]

   It affects your dexterity (+3).
   It affects your damage with ranged weapons and melee attacks (+4).
   It protects you from fire.
 t - an uncursed ring of ice
 u - a ring of positive energy (right hand)
 z - an uncursed amulet of inaccuracy {unknown}
 J - an uncursed ring of protection from cold
 L - an uncursed amulet of stasis
 O - a ring of protection from cold (left hand)
 P - an uncursed ring of positive energy
Potions
 a - 6 potions of might
 d - 5 potions of curing
 l - 5 potions of agility
 v - a potion of brilliance
 K - 4 potions of haste
 R - a potion of restore abilities
Miscellaneous
 i - a phial of floods


   Skills:
 + Level 25.6 Fighting
 - Level 23.0 Axes
 - Level 20.2 Armour
 * Level 9.1 Dodging
 - Level 10.0 Evocations


You had 20 spell levels left.
You didn't know any spells.

Dungeon Overview and Level Annotations

Branches:
Dungeon (15/15)            Temple (0/1) D:6             Orc (4/4) D:11
    Elf (3/3) Orc:4          Lair (8/8) D:10         Shoals (5/5) Lair:3
 Spider (5/5) Lair:6        Slime (0/6) Lair:8       Vaults (4/5) D:14
  Blade (1/1) Vaults:4      Crypt (0/5) Vaults:2     Depths (0/5) D:15

Altars:
Elyvilon
Fedhas
Makhleb
Nemelex Xobeh
Sif Muna
Trog
Vehumet
Yredelemnul
The Shining One
Beogh

Shops:
D:6 *   D:13 (   Orc:1 [   Orc:4 [}*:*:[(%   Elf:2 [   Elf:3 =   Vaults:1 }(=
Vaults:3 ?

Portals:
Hell: Lair:8


Innate Abilities, Weirdness & Mutations

You have stony skin.
Your flesh is very heat resistant.
Your lava-based spells are more powerful.
Your flesh is vulnerable to cold.
Your heat harms attackers.
You bathe your surroundings in blazing heat.
You are too hot to use scrolls.
You are very good at protecting items from fire.
You can tolerate rotten meat.
You have large cloven feet.
You have a pair of small horns on your head.
You are partially covered in rugged brown scales (AC +1, +3% HP).
You have supernaturally acute eyesight.
Your digestive system is highly specialised to digest meat.
You possess an exceptional clarity of mind.
You are dopey. (Int -2)
You passively map a small area around you.
You rapidly evolve.


Message History

* * * LOW HITPOINT WARNING * * *
Things that are here:
a cutlass; a leather armour You closely miss the deep elf annihilator.
You kick the deep elf annihilator!
The deep elf annihilator is moderately wounded.
Drink which item? (? for menu, Esc to quit)
Okay, then.
Read which item? (? for menu, Esc to quit)
Okay, then.
Drink which item? (? for menu, Esc to quit)
Okay, then.
Read which item? (? for menu, Esc to quit)
As you read the scroll of blinking, it crumbles to dust.
A powerful magic interferes with your control of the blink.
You blink.
Your stony skin melts.
The deep elf annihilator points at you and mumbles some strange words.
The iron shot hits you!
You die...

#.# ###'###.# #.## #...##.#
#..###._.##.## ##e§.#...#...##
########### #.########...#
....)..)#<# ####'### ##..#
.....)##### ##e.1...## #..#
....(.)'..###........######..#
∩..8...'....'...@.....'......#
......###..^'.........#####''##
.....##
#####..e..............## '#####
#))................## .#
#)).................# .#
#.)..)............... ##
####)###################
##.......##
**###.........###***


You could see an Ice Fiend, 2 deep elf annihilators and a deep elf sorcerer.

Vanquished Creatures
  Boris (Vaults:2)
  Frederick (Vaults:3)
  Nikola (Shoals:5)
  Asterion (Spider:5)
  A lich (Vaults:2)
  2 deep elf blademasters (Elf:3)
  3 sphinxes
  A storm dragon (Vaults:4)
  A kraken (Shoals:2)
  Polyphemus (Shoals:5)
  Rupert (Spider:1)
  An ancient champion (Vaults:4)
  An Executioner (Elf:3)
  Frances (Spider:4)
  Kirke (D:15)
  A tentacled starspawn (Abyss:1)
  A tengu reaver (Vaults:2)
  2 fire giants (Vaults:3)
  Roxanne (D:15)
  Ilsuiw (Shoals:5)
  Donald (Shoals:5)
  Wiglaf (Shoals:5)
  A ghost moth (shapeshifter) (Vaults:2)
  5 emperor scorpions
  4 ghost moths (Spider:5)
  2 frost giants
  9 vault wardens
  An orc warlord (Orc:2)
  Aizul (Spider:3)
  A draconian knight (Vaults:4)
  Gastronok (D:11)
  A spectral weapon (Spider:5)
  Jorgrun (Spider:2)
  4 stone giants
  A war gargoyle (Vaults:1)
  6 deep elf demonologists
  2 deep elf annihilators (Elf:3)
  2 dire elephants (Lair:8)
  A vampire knight (Vaults:4)
  A blizzard demon (Elf:3)
  5 merfolk javelineers (Shoals:5)
  Snorg (Lair:4)
  A great orb of eyes (Vaults:4)
  9 merfolk impalers
  3 fire dragons
  4 ettins
  3 vault guards
  3 sirens
  3 deep elf death magi
  17 ironheart preservers
  2 yaktaur captains (Vaults:4)
  12 hydras
  12 ogre magi
  A deep elf high priest (Elf:3)
  A ravenous feature mimic (Spider:2)
  Nessos (Spider:1)
  An ice dragon (Vaults:3)
  An alligator snapping turtle (Shoals:5)
  2 deep troll earth magi
  9 merfolk aquamancers
  2 deep dwarf death knights (Vaults:2)
  A satyr (Shoals:5)
  3 deep troll shamans
  23 dancing weapons
  A tengu warrior (D:13)
  The ghost of runewalsh the Frost Mage, a powerful OpIE of Vehumet (D:10)
  A death yak (Shoals:5)
  4 orc high priests
  8 centaur warriors
  2 soul eaters
  The ghost of timbw the Cleaver, an experienced HOAr of the Shining One (D:12)
  2 catoblepae
  2 sun demons
  A wretched star (Abyss:1)
  A fire crab (Vaults:2)
  3 iron trolls
  A hell knight (Volcano)
  A fire crab (shapeshifter) (Vaults:1)
  5 skeletal warriors (Vaults:1)
  7 deep elf knights
  An ice devil (Elf:3)
  A spatial maelstrom (Abyss:1)
  A giant orange brain (shapeshifter) (Vaults:2)
  13 sea snakes
  3 shadow wraiths
  9 ironbrand convokers
  17 orb spiders
  An unseen horror (shapeshifter) (Vaults:2)
  An unseen horror (Vaults:1)
  2 large abominations (Abyss:1)
  4 water nymphs
  14 deep trolls
  10 deep elf summoners
  2 giant orange brains
  A golden dragon skeleton (Abyss:1)
  8 hill giants
  3 necromancers
  4 orc sorcerers
  Joseph (Lair:1)
  19 harpies
  12 deep elf conjurers
  12 orc knights
  4 fauns
  5 wizards
  A human zombie (Vaults:3)
  A stone giant zombie (Vaults:2)
  3 red wasps
  A red wasp (shapeshifter) (D:13)
  12 cyclopes
  40 wolf spiders
  8 griffons
  2 moths of wrath
  2 sixfirhies
  A sphinx skeleton (Vaults:3)
  15 manticores
  A mermaid (shapeshifter) (Vaults:1)
  8 mermaids
  4 drowned souls
  5 elephants (Lair:7)
  9 vault sentinels
  6 black mambas
  A fire giant skeleton (Vaults:2)
  An octopode (Shoals:2)
  A guardian serpent (shapeshifter) (Vaults:1)
  4 naga magi
  39 yaktaurs
  2 feature mimics
  A gargoyle (D:13)
  The ghost of playerghost the Insei, an experienced DsMo (D:5)
  Psyche (Orc:1)
  13 spiny frogs
  3 orange demons
  A smoke demon (Lair:8)
  6 fire drakes
  3 centaur zombies
  6 kobold demonologists
  4 red devils
  A formicid venom mage (Spider:3)
  3 hellwings
  12 demonic crawlers
  A yaktaur skeleton (Vaults:3)
  4 blue devils (Lair:8)
  2 tengu conjurers
  5 freezing wraiths
  An iron troll skeleton (Vaults:2)
  8 deep elf priests
  27 jumping spiders
  2 boggarts (D:15)
  A centaur skeleton (D:15)
  Sonja (D:10)
  7 komodo dragons
  34 merfolk
  25 blink frogs
  2 polar bears
  3 wind drakes (Shoals:5)
  2 ravens (D:13)
  9 trolls
  5 iron devils
  25 slime creatures
  A stone giant simulacrum (Vaults:3)
  3 boulder beetles
  A basilisk (shapeshifter) (Vaults:3)
  4 basilisks
  59 redbacks
  21 sharks
  9 snapping turtles
  A human skeleton (Vaults:3)
  A vampire (Vaults:2)
  17 two-headed ogres
  3 hogs (D:15)
  3 toenail golems (Volcano)
  15 water elementals
  31 tarantellas
  A ynoxinul (Orc:4)
  4 wraiths
  26 trapdoor spiders
  25 deep elf magi
  2 elephant slugs
  A hog (shapeshifter) (Elf:2)
  3 wyverns
  11 hippogriffs
  39 ugly things
  7 wargs
  13 wolves
  19 humans (D:14)
  3 neqoxecs
  66 yaks
  2 hungry ghosts
  19 vampire mosquitoes
  3 shadows
  20 deep elf fighters
  A hell hound (Lair:8)
  5 porcupines
  18 water moccasins
  A hill giant skeleton (D:11)
  A mottled dragon (D:14)
  2 necrophages
  7 giant goldfish
  42 orc warriors
  3 sky beasts
  2 small abominations
  13 spiders
  A black bear (D:12)
  6 ice beasts
  A yellow wasp (D:9)
  32 ogres
  24 centaurs
  A deep dwarf (D:8)
  18 crocodiles
  An elf skeleton (Vaults:2)
  3 phantoms
  2 vampire mosquito zombies (Vaults:3)
  Sigmund (D:6)
  4 big kobolds
  13 giant slugs
  4 boring beetles
  13 giant frogs
  A yaktaur zombie (Vaults:2)
  A giant slug zombie (D:15)
  A gnoll sergeant (D:9)
  A boulder beetle zombie (D:15)
  A cyclops skeleton (D:15)
  24 killer bees
  5 scorpions
  7 wights (D:7)
  A hippogriff zombie (D:6)
  6 electric eels
  A hippogriff skeleton (D:7)
  2 pulsating lumps (Lair:8)
  A human simulacrum (Vaults:1)
  9 crimson imps
  37 orc priests
  15 hounds
  15 big fish
  An elf zombie (D:11)
  5 goliath beetles
  4 jellies
  A two-headed ogre zombie (Vaults:2)
  11 iguanas
  An iron imp (D:15)
  39 orc wizards
  A gnoll shaman (Orc:4)
  14 orange rats
  7 worker ants
  30 sheep
  A big kobold zombie (Ossuary)
  An ogre zombie (Vaults:2)
  10 mummies (Ossuary)
  13 gnolls
  56 green rats
  3 shadow imps
  28 adders
  2 white imps
  3 giant mites
  7 worms
  5 ufetubi
  9 orc zombies
  2 adder skeletons (D:7)
  An orc skeleton (D:8)
  3 giant eyeballs
  11 giant geckos
  An ooze (D:1)
  199 orcs
  3 ball pythons
  23 bats
  A bat skeleton (D:4)
  3 giant cockroaches
  17 goblins
  14 hobgoblins
  29 jackals
  17 quokkas
  7 giant newts
  2 hobgoblin skeletons
  5 hobgoblin zombies
  15 kobolds
  2 kobold zombies (Ossuary)
  18 rats
  A rat skeleton (D:7)
  9 fungi
  24 plants
  A starspawn tentacle (Abyss:1)
  3 tentacles (Shoals:2)
2208 creatures vanquished.

Vanquished Creatures (collateral kills)
  An orc warlord (Orc:4)
  A hydra (Lair:3)
  A death yak (Shoals:5)
  An orc high priest (Orc:4)
  Nergalle (Lair:4)
  A harpy (Shoals:5)
  An orc knight (Orc:4)
  An orc sorcerer (Orc:4)
  A merfolk (Shoals:5)
  A vampire mosquito (Vaults:2)
  A hippogriff (Shoals:2)
  2 orc warriors (Orc:4)
  4 orc zombies (Orc:4)
  An orc wizard (Orc:4)
  5 green rats (Lair:3)
  2 orcs (Orc:4)
25 creatures vanquished.

Vanquished Creatures (others)
  The ghost of xvga the Quickloader, a powerful KoHu of Okawaru (Volcano)
  A deep troll (Shoals:5)
  4 drowned souls
  A mermaid (Shoals:5)
  A boggart (D:15)
  A merfolk (Shoals:5)
  A snapping turtle (Shoals:5)
  A troll (Shoals:3)
  3 humans (D:15)
  A deep elf mage (Elf:1)
  An ugly thing (D:15)
  A giant spore (D:15)
  3 fungi
  12 plants
  A starspawn tentacle (Abyss:1)
  15 tentacles
  26 tentacle segments
74 creatures vanquished.

Grand Total: 2307 creatures vanquished

Notes
Turn   | Place    | Note
--------------------------------------------------------------
     0 | D:1      | MrRokkomies, the Lava Orc Berserker, began the quest for the Orb.
     0 | D:1      | Reached XP level 1. HP: 19/19 MP: 1/1
   443 | D:1      | Reached skill level 4 in Fighting
   443 | D:1      | Reached XP level 2. HP: 17/27 MP: 2/2
  1320 | D:2      | Reached XP level 3. HP: 33/33 MP: 3/3
  1476 | D:2      | Acquired Trog's second power
  1476 | D:2      | Reached skill level 5 in Axes
  1716 | D:2      | Gained mutation: Your spells are a little harder to cast, but a little more powerful. [potion of beneficial mutation]
  1828 | D:3      | Reached XP level 4. HP: 40/40 MP: 4/4
  1890 | D:3      | Noticed a phantom
  1915 | D:3      | Killed a phantom
  1915 | D:3      | Reached XP level 5. HP: 41/46 MP: 5/5
  2049 | D:3      | Reached skill level 6 in Axes
  2770 | D:4      | Identified the Guide on Evil (You found it on level 4 of the Dungeon)
  2983 | D:4      | Reached XP level 6. HP: 44/52 MP: 6/6
  3135 | D:4      | Gained mutation: You evolve. [potion of beneficial mutation]
  3718 | D:4      | Lost mutation: Your spells are a little harder to cast, but a little more powerful. [evolution]
  3802 | D:4      | Reached skill level 5 in Armour
  3818 | D:5      | Entered Level 5 of the Dungeon
  3997 | D:5      | Noticed playerghost's ghost (experienced DsMo)
  4014 | D:5      | Killed playerghost's ghost
  4014 | D:5      | Reached skill level 7 in Axes
  4014 | D:5      | Reached XP level 7. HP: 59/59 MP: 7/7
  4285 | D:5      | Acquired Trog's third power
  4569 | D:5      | Reached XP level 8. HP: 64/66 MP: 8/8
  4570 | D:5      | Reached skill level 8 in Armour
  4810 | D:5      | Gained mutation: You are dopey. (Int -2) [evolution]
  5117 | D:5      | Reached skill level 9 in Armour
  5254 | D:6      | Found Mogurph's Assorted Antiques.
  5336 | D:6      | Noticed Sigmund
  5347 | D:6      | Killed Sigmund
  5347 | D:6      | Received a gift from Trog
  5456 | D:6      | Found a staircase to the Ecumenical Temple.
  5979 | D:7      | Reached skill level 10 in Armour
  5995 | D:7      | Reached XP level 9. HP: 50/72 MP: 3/9
  6381 | D:7      | Reached skill level 10 in Axes
  6386 | D:7      | Gained mutation: Your digestive system is specialised to digest meat. [evolution]
  6411 | D:7      | Reached skill level 5 in Fighting
  6761 | D:7      | Received a gift from Trog
  7145 | D:7      | Reached skill level 11 in Axes
  7502 | D:8      | Found a sand-covered staircase.
  7510 | Ossuary  | Entered an ossuary
  7556 | Ossuary  | Gained mutation: You have large cloven feet. [evolution]
  8030 | D:8      | Reached skill level 12 in Axes
  8522 | D:9      | Gained mutation: You have a pair of small horns on your head. [potion of beneficial mutation]
  8648 | D:9      | Reached XP level 10. HP: 84/86 MP: 3/10
  8725 | D:9      | Reached skill level 13 in Axes
  8976 | D:9      | Found a sparkling altar of Nemelex Xobeh.
  9082 | D:9      | Gained mutation: You have a fast metabolism. [evolution]
  9220 | D:9      | Received a gift from Trog
  9539 | D:10     | Entered Level 10 of the Dungeon
  9576 | D:10     | Noticed a four-headed hydra
  9600 | D:10     | Killed a four-headed hydra
  9660 | D:10     | Noticed runewalsh's ghost (powerful OpIE)
  9679 | D:10     | Killed runewalsh's ghost
  9679 | D:10     | Reached skill level 14 in Axes
  9827 | D:10     | Found a staircase to the Lair.
  9866 | Lair:1   | Entered Level 1 of the Lair of Beasts
  9974 | Lair:1   | Reached XP level 11. HP: 24/97 MP: 3/11
 10104 | Lair:1   | Lost mutation: You have a fast metabolism. [evolution]
 10385 | Lair:1   | Received a gift from Trog
 10391 | Lair:1   | Got a brightly glowing battleaxe {god gift}
 10392 | Lair:1   | Identified the +6,+7 battleaxe of Killer Klown's Foe {chop, rPois MR+} (Trog gifted it to you on level 1 of the Lair of Beasts)
 10518 | Lair:1   | Reached skill level 15 in Axes
 10610 | Lair:1   | Reached skill level 10 in Fighting
 10724 | Lair:1   | Noticed Joseph
 10733 | Lair:1   | Killed Joseph
 11170 | Lair:2   | Reached skill level 16 in Axes
 11443 | Lair:2   | Received a gift from Trog
 11571 | Lair:2   | Noticed a six-headed hydra
 11599 | Lair:2   | Killed a seven-headed hydra
 12075 | Lair:2   | Reached skill level 17 in Axes
 12491 | Lair:3   | Reached XP level 12. HP: 106/106 MP: 12/12
 12552 | Lair:3   | Gained mutation: You are partially covered in rugged brown scales (AC +1, +3% HP). [evolution]
 12731 | Lair:3   | Found a staircase to the Shoals.
 12921 | Lair:3   | Received a gift from Trog
 13030 | Lair:3   | Noticed an eight-headed hydra
 13045 | Lair:3   | Killed a nine-headed hydra
 13399 | Lair:3   | Noticed an eight-headed hydra
 13405 | Lair:3   | Killed a ten-headed hydra
 13405 | Lair:3   | Reached skill level 18 in Axes
 13627 | Lair:3   | Noticed an eight-headed hydra
 13645 | Lair:3   | Killed a ten-headed hydra
 14090 | Lair:4   | Noticed Snorg
 14101 | Lair:4   | Killed Snorg
 14103 | Lair:4   | Received a gift from Trog
 14163 | Lair:4   | Found a dark tunnel.
 14175 | Volcano  | Entered a volcano
 14280 | Volcano  | Killed xvga's ghost
 14435 | Volcano  | Reached skill level 5 in Dodging
 14550 | Volcano  | Reached skill level 19 in Axes
 14692 | Lair:4   | Noticed Nergalle
 14704 | Lair:4   | Killed Nergalle
 15168 | Lair:4   | Lost mutation: You have large cloven feet. [evolution]
 15266 | Lair:4   | Reached XP level 13. HP: 116/116 MP: 13/13
 15280 | Lair:4   | Received a gift from Trog
 15281 | Lair:4   | Got a crude hand axe {god gift}
 15282 | Lair:4   | Identified the +7,+5 hand axe "Juics" {freeze, rF+ Dex+2} (Trog gifted it to you on level 4 of the Lair of Beasts)
 15998 | Lair:5   | Reached skill level 20 in Axes
 16037 | Lair:5   | Received a gift from Trog
 16817 | Lair:6   | Found a hole to the Spider Nest.
 16969 | Lair:6   | Found a bloodstained altar of Trog.
 17266 | Lair:6   | Received a gift from Trog
 17829 | Lair:7   | Received a gift from Trog
 18365 | Lair:7   | Gained mutation: Your spells are a little harder to cast, but a little more powerful. [evolution]
 18891 | Lair:7   | Received a gift from Trog
 19200 | D:10     | Paralysed by a giant eyeball for 4 turns
 19264 | D:10     | Noticed Sonja
 19671 | D:10     | Killed Sonja
 20046 | D:11     | Reached XP level 14. HP: 77/130 MP: 14/14
 20123 | D:11     | Received a gift from Trog
 20251 | D:11     | Noticed Gastronok
 20260 | D:11     | Killed Gastronok
 20347 | D:11     | Found a staircase to the Orcish Mines.
 20366 | Orc:1    | Entered Level 1 of the Orcish Mines
 20374 | Orc:1    | Found a roughly hewn altar of Beogh.
 20527 | Orc:2    | Received a gift from Trog
 20981 | Orc:1    | Found Tuoveurgh's Antique Armour Emporium.
 21015 | Orc:1    | Noticed Psyche
 21025 | Orc:1    | Killed Psyche
 21071 | Orc:1    | Received a gift from Trog
 21238 | Orc:3    | Found a burning altar of Makhleb.
 21243 | Orc:3    | Noticed an orc warlord
 21576 | Orc:2    | Killed an orc warlord
 21908 | Orc:3    | Received a gift from Trog
 22030 | Orc:4    | Entered Level 4 of the Orcish Mines
 22030 | Orc:4    | Found a staircase to the Elven Halls.
 22075 | Orc:4    | Found Carunuc's Assorted Antiques.
 22093 | Orc:4    | Found Kauduam's Gadget Boutique.
 22094 | Orc:4    | Found Meaffuc's Antique Armour Emporium.
 22104 | Orc:4    | Received a gift from Trog
 22144 | Orc:4    | Bought a pair of glowing boots for 153 gold pieces
 22148 | Orc:4    | Identified a +1 pair of boots of running (You bought it in a shop on level 4 of the Orcish Mines)
 22219 | Orc:4    | Found Wuibbas' Food Emporium.
 22220 | Orc:4    | Found Oxaesat's Book Boutique.
 22436 | Orc:4    | Received a gift from Trog
 22438 | Orc:4    | Noticed an orc warlord
 22463 | Orc:4    | Killed an orc warlord
 22589 | Orc:4    | Lost mutation: Your spells are a little harder to cast, but a little more powerful. [evolution]
 22958 | Orc:4    | Received a gift from Trog
 23102 | Orc:4    | Found Minguit's Antique Armour Shop.
 23103 | Orc:4    | Found Culelan's Antique Weapon Shop.
 23105 | Orc:4    | Found Nysusmuf's General Store.
 23105 | Orc:4    | Found Aratol's Book Boutique.
 23128 | Orc:4    | Bought an embroidered cloak for 175 gold pieces
 23128 | Orc:4    | Bought a pair of embroidered gloves for 175 gold pieces
 23131 | Orc:4    | Identified a +1 cloak of preservation (You bought it in a shop on level 4 of the Orcish Mines)
 23575 | Orc:1    | Bought a pitted plate armour for 840 gold pieces
 23575 | Orc:1    | Bought a pair of heavily runed gloves for 285 gold pieces
 23575 | Orc:1    | Bought a brightly glowing plate armour for 840 gold pieces
 23599 | Orc:1    | Identified the cursed -2 plate armour of the Sturgeon {+Fly rPois rF+} (You bought it in a shop on level 1 of the Orcish Mines)
 23625 | Orc:1    | Identified the +11 plate armour of the Orb Guardian {+Fly rPois Dex+2} (You bought it in a shop on level 1 of the Orcish Mines)
 23631 | Orc:1    | Identified the +0 pair of gloves of the Saviour {SInv} (You bought it in a shop on level 1 of the Orcish Mines)
 23702 | Orc:2    | Received a gift from Trog
 24080 | Lair:8   | Entered Level 8 of the Lair of Beasts
 24282 | Lair:8   | Received a gift from Trog
 24944 | Lair:8   | Reached skill level 15 in Fighting
 24969 | Lair:8   | Found a staircase to the Slime Pits.
 25048 | Lair:8   | Received a gift from Trog
 25156 | Lair:8   | Reached XP level 15. HP: 82/145 MP: 15/15
 25348 | Lair:8   | Found a burning altar of Makhleb.
 25392 | Lair:8   | Found a gateway to Hell.
 26366 | D:12     | Noticed timbw's ghost (experienced HOAr)
 26372 | D:12     | Killed timbw's ghost
 27046 | D:12     | Got a twisted trident
 27053 | D:12     | Identified the +8,+8 trident of Chuet {slay drac, Str-3} (You found it on level 12 of the Dungeon)
 27526 | D:13     | Received a gift from Trog
 27880 | D:13     | Found Loyff's Weapon Emporium.
 28202 | D:14     | Received a gift from Trog
 28242 | D:14     | Identified the Catalogue of Dusty Toxins (You found it on level 14 of the Dungeon)
 28248 | D:14     | Found a gate to the Vaults.
 28255 | D:14     | Reached skill level 15 in Armour
 28410 | D:14     | Found a blossoming altar of Fedhas.
 28447 | D:14     | Found a basalt altar of Yredelemnul.
 28582 | D:14     | Gained mutation: You have large cloven feet. [evolution]
 28838 | D:14     | Received a gift from Trog
 29134 | D:15     | Entered Level 15 of the Dungeon
 29166 | D:15     | Noticed Roxanne
 29316 | D:15     | Noticed Kirke
 29320 | D:15     | Noticed a sphinx
 29327 | D:15     | Noticed a sphinx
 29329 | D:15     | Killed a sphinx
 29329 | D:15     | Paralysed by a sphinx for 2 turns
 29334 | D:15     | Killed Kirke
 29615 | D:15     | Received a gift from Trog
 29620 | D:15     | Reached XP level 16. HP: 159/159 MP: 16/16
 29643 | D:15     | Found a staircase to the Depths.
 29796 | D:15     | Found a basalt altar of Yredelemnul.
 30134 | D:15     | Found a sparkling altar of Nemelex Xobeh.
 30684 | D:15     | Killed Roxanne
 30687 | D:15     | Identified Roxanne's Papyrus of the Mountains (You took it off Roxanne on level 15 of the Dungeon)
 31121 | Spider:1 | Entered Level 1 of the Spider Nest
 31196 | Spider:1 | Received a gift from Trog
 31583 | Spider:1 | Noticed Rupert
 31589 | Spider:1 | Killed Rupert
 31693 | Spider:1 | Noticed Nessos
 31698 | Spider:1 | Killed Nessos
 31920 | Spider:2 | Received a gift from Trog
 32371 | Spider:2 | Noticed Jorgrun
 32388 | Spider:2 | Killed Jorgrun
 32404 | Spider:2 | Received a gift from Trog
 32405 | Spider:2 | Got a crystal battleaxe {god gift}
 32406 | Spider:2 | Identified the +1,+2 battleaxe of Trog's Castigation {antimagic, MR+} (Trog gifted it to you on level 2 of the Spider Nest)
 32683 | Spider:3 | Noticed Aizul
 32699 | Spider:3 | Killed Aizul
 33074 | Spider:3 | Gained mutation: You rapidly evolve. [potion of beneficial mutation]
 33151 | Spider:4 | Received a gift from Trog
 33611 | Spider:4 | Gained mutation: You possess an exceptional clarity of mind. [evolution]
 33657 | Spider:4 | Noticed Frances
 33665 | Spider:4 | Killed Frances
 34128 | Spider:4 | Received a gift from Trog
 34131 | Spider:4 | Got a steaming hand axe {god gift}
 34132 | Spider:4 | Identified the -2,-1 hand axe of Might {venom, -Cast rF++} (Trog gifted it to you on level 4 of the Spider Nest)
 34878 | Spider:5 | Entered Level 5 of the Spider Nest
 34962 | Spider:5 | Reached XP level 17. HP: 144/173 MP: 17/17
 35383 | Spider:5 | Received a gift from Trog
 36068 | Spider:5 | Got a gossamer rune of Zot
 36087 | Spider:5 | Gained mutation: You have supernaturally acute eyesight. [evolution]
 36100 | Spider:5 | Received a gift from Trog
 36110 | Spider:5 | Noticed Asterion
 36144 | Spider:5 | Killed Asterion
 37299 | Shoals:1 | Entered Level 1 of the Shoals
 37385 | Shoals:1 | Upgraded the game from 0.14-a0-3520-g290746a to 0.14-a0-3545-g7d9ef9c
 37430 | Shoals:1 | Received a gift from Trog
 38833 | Shoals:3 | Received a gift from Trog
 39061 | Shoals:3 | Reached XP level 18. HP: 183/185 MP: 18/18
 39163 | Shoals:3 | Reached skill level 21 in Axes
 39403 | Shoals:3 | Noticed Mara
 39411 | Shoals:3 | Noticed MrRokkomies' illusion
 39826 | Shoals:3 | Noticed MrRokkomies' illusion
 39860 | Shoals:3 | HP: 3/185 [Mara (illusionary)/demon trident of venom (8)]
 39871 | Shoals:3 | HP: 7/185 [Mara (illusionary)/bolt of fire (11)]
 40824 | Shoals:4 | Received a gift from Trog
 40887 | Shoals:4 | Gained mutation: You passively map a small area around you. [evolution]
 41404 | Shoals:5 | Entered Level 5 of the Shoals
 41575 | Shoals:5 | Noticed Donald
 41593 | Shoals:5 | Killed Donald
 41950 | Shoals:5 | Received a gift from Trog
 42144 | Shoals:5 | Reached skill level 22 in Axes
 42156 | Shoals:5 | Got a barnacled rune of Zot
 42354 | Shoals:5 | Noticed Ilsuiw
 42378 | Shoals:5 | Killed Ilsuiw
 42478 | Shoals:5 | Noticed Nikola
 42486 | Shoals:5 | Noticed Polyphemus
 42502 | Shoals:5 | Killed Polyphemus
 42504 | Shoals:5 | Received a gift from Trog
 42507 | Shoals:5 | Killed Nikola
 42518 | Shoals:5 | Noticed Wiglaf
 42534 | Shoals:5 | Killed Wiglaf
 42614 | Shoals:5 | Got a blackened war axe
 42615 | Shoals:5 | Identified the +9,+5 war axe of the Grave {elec, +Fly Dex+2} (You found it on level 5 of the Shoals)
 43042 | Lair:1   | Upgraded the game from 0.14-a0-3545-g7d9ef9c to 0.14-a0-3563-g07d0f32
 43186 | Vaults:1 | Entered Level 1 of the Vaults
 43246 | Vaults:1 | Found Acaang's Gadget Shoppe.
 43312 | Vaults:1 | Bought a phial of floods for 720 gold pieces
 43312 | Vaults:1 | Bought a wand of cold (9) for 468 gold pieces
 43553 | Vaults:1 | Received a gift from Trog
 43556 | Vaults:1 | Got an iridescent battleaxe {god gift}
 43557 | Vaults:1 | Identified the -1,+5 battleaxe of Relativism {antimagic, rF++} (Trog gifted it to you on level 1 of the Vaults)
 43619 | Vaults:1 | Found Suedghud's Jewellery Shoppe.
 43684 | Vaults:1 | Reached skill level 23 in Axes
 43694 | Vaults:1 | Reached XP level 19. HP: 171/192 MP: 18/20
 43695 | Vaults:1 | Reached skill level 1 in Evocations
 43743 | Vaults:1 | Got a faintly glowing diamond amulet
 43745 | Vaults:1 | Identified the amulet of Suspected Treachery {Faith rF+ Dex+3 Dam+4} (You found it on level 1 of the Vaults)
 44370 | Vaults:1 | Found Xogier's Weapon Shop.
 44565 | Vaults:2 | Received a gift from Trog
 44571 | Vaults:2 | Got a bloodstained battleaxe {god gift}
 44572 | Vaults:2 | Identified the +3,+10 battleaxe "Thunkiso" {antimagic, Str-1} (Trog gifted it to you on level 2 of the Vaults)
 44697 | Vaults:2 | Noticed Boris
 44717 | Vaults:2 | Killed Boris
 44821 | Vaults:2 | Found a staircase to the Crypt.
 44826 | Vaults:2 | Reached skill level 5 in Evocations
 45103 | Vaults:2 | Received a gift from Trog
 45752 | Vaults:2 | Received a gift from Trog
 45797 | Vaults:2 | Found a radiant altar of Vehumet.
 45843 | Vaults:2 | Got a heavy robe
 45848 | Vaults:2 | Identified the cursed +0 robe of Idealism {rF+ Int+2} (You found it on level 2 of the Vaults)
 45851 | Vaults:2 | Got a shimmering robe
 45852 | Vaults:2 | Identified the +0 robe "Viyta" {Int+4 Acc+5} (You found it on level 2 of the Vaults)
 46420 | Vaults:3 | Received a gift from Trog
 46768 | Vaults:3 | Reached XP level 20. HP: 208/208 MP: 29/29
 47050 | Vaults:3 | Received a gift from Trog
 47295 | Vaults:3 | Noticed Frederick
 47315 | Vaults:3 | Killed Frederick
 47644 | Vaults:3 | Found Qig Jirph's Magic Scroll Boutique.
 47928 | Vaults:4 | Received a gift from Trog
 48058 | Vaults:4 | Found a glowing golden altar of the Shining One.
 49157 | Vaults:4 | Received a gift from Trog
 49187 | Vaults:4 | Gained mutation: Your digestive system is highly specialised to digest meat. [evolution]
 49561 | Vaults:4 | Got an encrusted crossbow {elec}
 49562 | Vaults:4 | Identified the +4,+9 crossbow "Kiquock" {elec, Int+3} (You took it off a yaktaur on level 4 of the Vaults)
 49749 | Vaults:4 | Reached skill level 24 in Fighting
 49968 | Vaults:4 | Received a gift from Trog
 50152 | Vaults:4 | Found a staircase to the Hall of Blades.
 50495 | Blade    | Entered the Hall of Blades
 51585 | Blade    | Reached skill level 10 in Evocations
 51644 | Blade    | Cast into the Abyss (war axe of distortion)
 51704 | Abyss:1  | Found a burning altar of Makhleb.
 51806 | Abyss:1  | Reached XP level 21. HP: 203/221 MP: 32/32
 51832 | Blade    | Escaped the Abyss
 52428 | Elf:1    | Entered Level 1 of the Elven Halls
 52624 | Elf:1    | Reached skill level 25 in Fighting
 52656 | Elf:1    | Received a gift from Trog
 53163 | Elf:2    | Found a deep blue altar of Sif Muna.
 53268 | Elf:2    | Received a gift from Trog
 53341 | Elf:2    | Found Phaadaz's Antique Armour Shop.
 53880 | Elf:3    | Entered Level 3 of the Elven Halls
 53913 | Elf:3    | Found Kunump Mung's Jewellery Emporium.
 53922 | Elf:3    | Bought an uncursed ring of protection from cold for 400 gold pieces
 53922 | Elf:3    | Bought an uncursed amulet of stasis for 280 gold pieces
 54091 | Elf:3    | Received a gift from Trog
 54577 | Elf:3    | Found a white marble altar of Elyvilon.
 55060 | Elf:3    | HP: 5/224 [deep elf annihilator/iron shot (31)]
 55062 | Elf:3    | Killed from afar by a deep elf annihilator

Action                   |  1- 3 |  4- 6 |  7- 9 | 10-12 | 13-15 | 16-18 | 19-21 || total
-------------------------+-------+-------+-------+-------+-------+-------+-------++-------
Melee: Hand axe          |   111 |   181 |   218 |       |       |       |       ||   510
       Battleaxe         |       |       |   150 |   371 |  1396 |  1285 |       ||  3202
       Executioner's axe |       |       |   134 |   135 |       |    79 |  1002 ||  1350
 Fire: Sling             |       |       |       |       |     1 |       |       ||     1
       Longbow           |       |       |       |       |       |    39 |       ||    39
       Blowgun           |       |       |       |       |       |    25 |       ||    25
Invok: Berserk           |       |     2 |     4 |     4 |     5 |    13 |     2 ||    30
       Brothers in Arms  |       |       |       |     2 |     2 |     6 |     5 ||    15
       Trog's Hand       |       |       |       |       |       |     2 |     2 ||     4
 Abil: Evoke Flight      |       |       |       |       |       |     8 |       ||     8
Evoke: Wand              |       |     1 |     6 |    22 |     8 |     7 |     4 ||    48
  Use: Scroll            |    12 |       |    12 |     7 |    16 |    15 |     9 ||    71
       Potion            |     1 |     1 |     3 |     7 |     2 |    16 |     4 ||    34
 Stab: Invisible         |       |       |       |     2 |       |       |       ||     2
       Held in net/web   |       |       |       |       |       |     2 |       ||     2
       Distracted        |       |       |       |       |       |       |     3 ||     3
